 Dungeon Crawl Stone Soup version 0.30.0-17-ge0270778cf (webtiles) character file.

Game seed: 616236953391315252

1375 Hades the Slasher (level 8, -1/59 (63) HPs)
             Began as a Demigod Fighter on May 21, 2023.
             Slain by a wight
             ... wielding a +2 scimitar
              (13 damage)
             ... on level 7 of the Dungeon on May 23, 2023.
             The game lasted 00:32:30 (6429 turns).

Hades the Slasher (Demigod Fighter)                 Turns: 6429, Time: 00:32:30

HP:   -1/59 (63)    AC:  8    Str: 21    XL:     8   Next: 16%
MP:   15/15         EV: 11    Int: 12    God:
Gold: 303           SH:  6    Dex: 23    Spells: 12/12 levels left

rFire   + . .        j - +6 scimitar of the Beast {freeze, Fragile rElec Will+}
rCold   x . .        c - +0 buckler
rNeg    . . .        n - +0 scale mail "Jiathroif" {Int+2}
rPois   +            (no helmet)
rElec   +            (no cloak)
rCorr   .            f - +0 pair of gloves
SInv    .            (no boots)
Will    +....        (no amulet)
Stlth   +            k - +6 ring of dexterity
HPRegen 0.29/turn    o - ring of the Heavens {Fire rPois}
MPRegen 0.14/turn

%: no passive effects
@: drained
A: high MP 1, forlorn, divine attributes
a: no special abilities


You were on level 7 of the Dungeon.
You visited 2 branches of the dungeon, and saw 8 of its levels.

You collected 303 gold pieces.

Inventory:

Hand Weapons
 a - a +0 war axe
 h - a +0 mace
 i - a +0 short sword of speed
 j - the +6 scimitar of the Beast (weapon) {freeze, Fragile rElec Will+}
   (You acquired it on level 2 of the Dungeon)

   rElec:     It insulates you from electricity.
   Fragile:   It will be destroyed if unequipped.
   Will:      It increases your willpower.
 m - a +2 dagger of venom
 p - a +1 hand axe of flaming
 z - a +3 hand axe of venom
 A - a +0 flail of protection
Missiles
 v - a throwing net (quivered)
Armour
 b - a +0 scale mail
 c - a +0 buckler (worn)
 f - a +0 pair of gloves (worn)
 n - the +0 scale mail "Jiathroif" (worn) {Int+2}
   (You found it on level 3 of the Dungeon)

   Int:       It affects your intelligence (+2).
 u - a +0 plate armour
 w - a +0 pair of gloves
Jewellery
 k - a +6 ring of dexterity (left hand)
 o - the ring of the Heavens (right hand) {Fire rPois}
   (You found it on level 3 of the Dungeon)

   [ring of fire]

   It enhances your fire magic.
   rF:        It protects you from fire.
   rC:        It makes you vulnerable to cold.
   rPois:     It protects you from poison.
Wands
 y - a wand of paralysis (14)
Scrolls
 q - 2 scrolls of blinking
 s - 2 scrolls of fear
 t - 3 scrolls of teleportation
Potions
 d - 3 potions of might
 e - 7 potions of degeneration
 g - 3 potions of heal wounds
 l - a potion of cancellation
 r - a potion of curing
 x - a potion of haste {unknown}
 B - a potion of flight {unknown}


   Skills:
 + Level 3.5 Fighting
 * Level 6.2 Long Blades
 + Level 2.5 Axes
 + Level 4.3 Armour
 * Level 3.2 Dodging
 + Level 0.5 Stealth
 + Level 3.2 Shields
 * Level 2.7 Spellcasting


You had 12 spell levels left.
You didn't know any spells.
Your spell library contained the following spells:

 Spells                   Type           Power      Damage    Failure   Level
 Magic Dart               Conj           4%         1d3       63%         1
 Sandblast                Erth           2%         2d4       63%         1
 Blink                    Tloc           2%         N/A       77%         2
 Passwall                 Tmut/Erth      0%         N/A       77%         2
 Searing Ray              Conj           2%         2d4       77%         2
 Inner Flame              Hex/Fire       2%         N/A       94%         3
 Portal Projectile        Hex/Tloc       2%         N/A       94%         3
 Stone Arrow              Conj/Erth      2%         3d7       94%         3
 Tukima's Dance           Hex            1%         N/A       94%         3
 Flame Wave               Conj/Fire      2%         2d4       100%        4
 Fulminant Prism          Conj/Hex       0%         3d5       100%        4
 Manifold Assault         Tloc           1%         N/A       100%        4
 Sticky Flame             Conj/Fire      2%         2d3       100%        4
 Blade Hands              Tmut           0%         N/A       100%        5
 Conjure Ball Lightning   Conj/Air       0%         3x3d6     100%        6
 Storm Form               Tmut/Air       0%         N/A       100%        7
 Discord                  Hex            0%         N/A       100%        8
 Disjunction              Tloc           0%         N/A       100%        8


Dungeon Overview and Level Annotations

Branches:
Dungeon (7/15)             Temple (1/1) D:5

Shops:
D:1 !   D:2 (   D:4 *   D:6 [


Innate Abilities, Weirdness & Mutations

You have an increased reservoir of magic. (+10% MP)
You shall have no god before yourself.
Your divine heritage dramatically boosts your attributes as you level up.


Message History

You pick up a book of Conjurations and begin reading...
You add the spells Magic Dart, Searing Ray and Fulminant Prism to your library.
t - 3 scrolls of teleportation (gained 1)
You now have 303 gold pieces (gained 15).
Found 8 stones.
Found a slimy robe.
You see here the +0 robe "Sellott" {rC+ rN++ Str+3 Dex-4}.
Found a spear.
Found a metallic ruby potion.
B - a metallic ruby potion You see here a +0 spear.
There is a stone staircase leading down here.
You climb downwards.
You hear the roar of battle.
There is an entrance to a bailey on this level.
Hurry and find it before the portal closes forever!
Found an escape hatch in the ceiling.
There is a stone staircase leading up here.
Found a ring mail.
You block the wight's attack.
You closely miss the wight.
The wight hits you with a +2 short sword of flaming!
The wight burns you. The wight hits you with a +2 scimitar!
You slash the wight! You freeze the wight.
You destroy the wight!
The wight hits you with a +2 scimitar!
You feel drained.
Your life force feels restored.
You slash the wight! You freeze the wight.
The wight is severely damaged.
The wight hits you with a +2 scimitar.
You feel drained. The wight hits you with a +4 mace!
* * * LOW HITPOINT WARNING * * *
You feel drained.
* * * LOW HITPOINT WARNING * * *
You hit the wight but do no damage.
The wight is severely damaged.
The wight hits you but does no damage.
You barely miss the wight.
The wight is severely damaged.
The wight hits you with a +2 scimitar!
You die...

....... .......
....... .......
..z.... ....[..
.##########.......
........@)z#
####....zz.#
#<####### #


You could see 3 wights.

Vanquished Creatures
  An ice beast (D:5)
  A centaur (D:6)
  2 phantoms
  2 bullfrogs (D:6)
  2 scorpions
  A wight (D:7)
  5 hounds
  2 jellies (D:5)
  3 orc priests
  4 iguanas
  2 orc wizards
  12 gnolls
  5 adders
  An ufetubus (D:5)
  A dart slug (D:1)
  25 orcs
  5 endoplasms
  8 giant cockroaches
  18 goblins
  8 hobgoblins
  3 jackals (D:3)
  8 ball pythons
  8 bats
  11 frilled lizards
  14 kobolds
  A rat (D:2)
153 creatures vanquished.

Notes
Turn   | Place    | Note
-------+----------+-------------------------------------------
     0 | D:1      | Hades the Demigod Fighter began the quest for the Orb.
     0 | D:1      | Reached XP level 1. HP: 18/18 MP: 3/3
    65 | D:1      | Found Guskin's Distillery.
   272 | D:1      | Reached XP level 2. HP: 25/25 MP: 5/5
   973 | D:1      | Reached skill level 1 in Dodging
   973 | D:1      | Reached XP level 3. HP: 27/30 MP: 6/6
  1095 | D:2      | Reached skill level 1 in Spellcasting
  1270 | D:2      | Identified a scroll of acquirement
  1270 | D:2      | Acquired the +6 scimitar of the Beast {freeze, Fragile
                  | rElec Will+}
  1451 | D:2      | Reached XP level 4. HP: 37/38 MP: 8/8
  1737 | D:2      | Found Opneriet's Weapon Boutique.
  2117 | D:3      | Identified the +0 scale mail "Jiathroif" {Int+2}
  2200 | D:3      | Identified the ring of the Heavens {Fire rPois}
  2287 | D:3      | Reached skill level 1 in Long Blades
  2997 | D:4      | Reached XP level 5. HP: 45/45 MP: 9/9
  3055 | D:4      | Found Diep's Overcharged Wands.
  3088 | D:4      | Reached skill level 2 in Long Blades
  3258 | D:4      | Reached skill level 3 in Long Blades
  3258 | D:4      | Reached XP level 6. HP: 47/51 MP: 11/11
  3600 | D:5      | Entered Level 5 of the Dungeon
  3751 | D:5      | Reached skill level 4 in Long Blades
  3889 | D:5      | Reached XP level 7. HP: 56/57 MP: 13/13
  4041 | D:5      | Reached skill level 5 in Long Blades
  4520 | D:5      | Found a staircase to the Ecumenical Temple.
  4552 | Temple   | Entered the Ecumenical Temple
  5153 | D:6      | Found Iro Uffo's Antique Armour Emporium.
  5743 | D:6      | Reached skill level 6 in Long Blades
  5743 | D:6      | Reached XP level 8. HP: 32/63 MP: 15/15
  6268 | D:6      | Identified the +0 robe "Sellott" {rC+ rN++ Str+3 Dex-4}
  6429 | D:7      | Slain by a wight

Illustrated notes

Levels and vault maps discovered:
D:1:      minmay_arrival_plants_in_alcoves, layout_loops_ring, serial_shops,
          nicolae_shop_advertising_works [nicolae_subvault_shop_adworks]
D:2:      layout_loops_ring, serial_shops, nicolae_shop_window_shopping,
          minmay_stone_trees_small, hangedman_decor_points, grunt_ministairs_11,
          minmay_misc_feat_pillars, minmay_mini_jars
D:3:      layout_basic, fountainhead
D:4:      layout_cave_pools, lightli_temple_of_fire,
          nicolae_shop_overcharged_wands
D:5:      layout_loops_cross, minmay_temple_entry_purple_smoke,
          minmay_lizard_king
D:6:      layout_layer_cave, serial_shops, nicolae_shop_stone
D:7:      layout_basic, serial_shops, shop, enter_bailey_6,
          corexii_item_surrounded_by_moat, minmay_mini_ossuary, uniq_duvessa
Temple:   roderic_octagonal_lattice_temple

Skill      XL: |  1  2  3  4  5  6  7 |
---------------+----------------------+-----
Axes           | 2 |  2.5
Dodging        | 1 2 3 |  3.2
Armour         | 3 4 |  4.3
Spellcasting   | 1 2 |  2.7
Fighting       | 3 |  3.5
Long Blades    | 1 3 4 6 |  6.2
Shields        | 3 |  3.2
Stealth        | |  0.5

Action                     |  1- 3 |  4- 6 |  7- 9 || total
---------------------------+-------+-------+-------++-------
  Melee: War axe           |   138 |       |       ||   138
         Scimitar          |     8 |   129 |   109 ||   246
    Use: Scroll            |     4 |     8 |     3 ||    15
         Potion            |       |     1 |       ||     1
 Armour: Scale mail        |    89 |    77 |    43 ||   209
  Dodge: Dodged            |    76 |    78 |    54 ||   208
  Block: Buckler           |    44 |    44 |    36 ||   124
